 Dungeon Crawl Stone Soup version 0.30-a0-622-gddc90eaa04 (webtiles) character file.

Game seed: 9551297598925643116

171 ragingrage the Sneak (level 5, -1/33 HPs)
             Began as an Octopode Artificer on Jan 10, 2023.
             Killed by divine providence
             ... invoked by an orc priest
              (11 damage)
             ... on level 4 of the Dungeon.
             The game lasted 00:04:28 (3102 turns).

ragingrage the Sneak (Octopode Artificer)           Turns: 3102, Time: 00:04:29

Health: -1/33      AC:  1    Str: 14    XL:     5   Next: 51%
Magic:  5/5        EV: 13    Int: 13    God:
Gold:   96         SH:  0    Dex: 12    Spells: 4/4 levels left

rFire   . . .      SeeInvis .    b - +2 trident (freeze)
rCold   . . .      Faith    .    (no shield)
rNeg    . . .      Spirit   .    (helmet restricted)
rPois   .          Reflect  .    (no amulet)
rElec   .          Harm     .    (no ring)
rCorr   .          Rampage  .    (no ring)
Will    .....                    (no ring)
Stlth   ++++                     (no ring)
HPRegen 0.25/turn                (no ring)
MPRegen 0.09/turn                (no ring)
                                 (no ring)
                                 (no ring)

@: no status effects
A: almost no armour, amphibious, 8 rings, camouflage 1, gelatinous body 1,
(nimble swimmer 1), tentacles
a: no special abilities


You were on level 4 of the Dungeon.
You visited 1 branch of the dungeon, and saw 4 of its levels.

You collected 132 gold pieces.
You spent 36 gold pieces at shops.

Inventory:

Hand Weapons
 a - a +0 dagger
 b - a +2 trident of freezing (weapon)
Missiles
 k - 10 poisoned darts
Jewellery
 j - a ring of ice
Wands
 c - a wand of charming (15)
 d - a wand of iceblast (5)
 n - a wand of flame (22) (quivered)
Scrolls
 f - 5 scrolls of identify {unknown}
 m - a scroll of teleportation
 q - a scroll of amnesia {unknown}
 r - a scroll of brand weapon {unknown}
Potions
 e - a potion of curing
 g - 2 potions of mutation {unknown}
 i - a potion of berserk rage {unknown}
 l - 2 potions of degeneration {unknown}
 o - 2 potions of heal wounds {unknown}
 p - a potion of brilliance {unknown}


   Skills:
 - Level 1.3 Fighting
 + Level 2.5 Short Blades
 - Level 2.5 Dodging
 + Level 5.1 Stealth
 - Level 1.3 Unarmed Combat
 - Level 3.5 Evocations


You had 4 spell levels left.
You didn't know any spells.
Your spell library contained the following spells:

 Spells                   Type           Power      Damage    Failure   Level
 Ozocubu's Armour         Ice            0%         N/A       67%         3
 Metabolic Englaciation   Hex/Ice        0%         N/A       100%        5
 Simulacrum               Ice/Necr       0%         N/A       100%        6


Dungeon Overview and Level Annotations

Branches:
Dungeon (4/15)
 Temple: D:4-7

Altars:
Uskayaw
Vehumet

Shops:
D:2 =?

Annotations:
D:3 Sigmund
D:4 Dowan, Duvessa, Edmund


Innate Abilities, Weirdness & Mutations

You cannot wear most types of armour.
You are amphibious.
You can wear up to eight rings at the same time.
Your skin changes colour to match your surroundings (Stealth+).
Your rubbery body absorbs attacks. (AC +1, EV +1)
((You are camouflaged when in or above water. (Stealth+)))
You have tentacles for arms and can constrict up to eight enemies at once.


Message History

Adjust (i)tems, (s)pells, or (a)bilities?
h - a +0 dagger Adjust to which letter? (? for menu, Esc to quit)
a - a +0 dagger Adjust (i)tems, (s)pells, or (a)bilities?
n - a +2 trident of freezing (weapon)
Adjust to which letter? (? for menu, Esc to quit)
b - a +2 trident of freezing (weapon);
n - a wand of flame (22) (quivered)
Unknown command.
Your +2 trident of freezing stops glowing.
a - a +0 dagger (weapon)
Your +2 trident of freezing glows with a cold blue light!
b - a +2 trident of freezing (weapon)
The orc priest invokes the aid of Beogh against you.
Pain shoots through your body!
Reach: b) +2 trident (freeze)
Press: ? - help, Dir - move target, f - orc priest
Aim: an orc priest, wielding a +0 hand axe (about 43% to evade your +2 trident of freezing)
You reach to attack!
You hit the orc priest. You freeze the orc priest.
The orc priest is moderately wounded.
The orc priest mumbles some strange prayers to Beogh against you.
Beogh smites you!
The orc priest invokes the aid of Beogh against you.
Beogh smites you!
* * * LOW HITPOINT WARNING * * *
Reach: b) +2 trident (freeze)
Press: ? - help, Dir - move target, f/p - orc priest
Aim: an orc priest, wielding a +0 hand axe (moderately wounded, about 43% to evade your +2 trident of freezing)
You reach to attack!
You hit the orc priest. You freeze the orc priest.
The orc priest is severely wounded.
You hit the orc priest. You freeze the orc priest.
You kill the orc priest!
An orc warrior comes into view. It is wielding a +0 short sword.
An orc priest comes into view. It is wielding a +0 falchion.
Your Stealth skill increases to level 5!
Okay, then.
It was a potion of curing.
You feel better.
The orc priest calls down the wrath of Beogh upon you.
Beogh smites you!
You die...

.........##
##.##.##.#
...##.##.#
#..##.##.#
#..#...#.#
.......#.#
.........#
.........#
########.#
.........#
#...@oo.o#
.......###
#.########
...#<..######)#
#.............#
#.#############
.......#
######.#


You could see an orc warrior and 2 orc priests.

Vanquished Creatures
  An orc priest (D:4)
  A gnoll (D:1)
  6 adders
  A worm (D:2)
  A dart slug (D:1)
  2 orcs (D:4)
  4 endoplasms
  2 giant cockroaches
  5 goblins
  6 hobgoblins
  2 jackals (D:3)
  3 quokkas
  7 ball pythons
  7 bats
  3 frilled lizards
  8 kobolds
  7 rats
66 creatures vanquished.

Vanquished Creatures (others)
  2 plants (D:3)
2 creatures vanquished.

Grand Total: 68 creatures vanquished

Notes
Turn   | Place    | Note
-------+----------+-------------------------------------------
     0 | D:1      | ragingrage the Octopode Artificer began the quest for the
                  | Orb.
     0 | D:1      | Reached XP level 1. HP: 13/13 MP: 1/1
    66 | D:1      | Reached skill level 2 in Stealth
    66 | D:1      | Reached XP level 2. HP: 1/18 MP: 2/2
   281 | D:1      | Reached XP level 3. HP: 23/23 MP: 3/3
   421 | D:1      | Reached skill level 1 in Unarmed Combat
   944 | D:1      | Reached skill level 3 in Stealth
  1059 | D:2      | Found Tisauxkoewk's Jewellery Boutique.
  1271 | D:2      | Found Zideukiu's Magic Scroll Shoppe.
  1285 | D:2      | Bought a scroll of teleportation for 36 gold pieces
  1304 | D:2      | Reached XP level 4. HP: 20/28 MP: 4/4
  1366 | D:2      | Reached skill level 1 in Short Blades
  1437 | D:2      | Reached skill level 4 in Stealth
  2175 | D:3      | Noticed Sigmund
  2305 | D:3      | Reached XP level 5. HP: 33/33 MP: 5/5
  2318 | D:3      | Found a radiant altar of Vehumet.
  2629 | D:3      | Found a hide-covered altar of Uskayaw.
  2906 | D:4      | Noticed Duvessa
  2911 | D:4      | Noticed Edmund
  2911 | D:4      | Noticed Dowan
  3101 | D:4      | Noticed an orc warrior
  3102 | D:4      | Reached skill level 5 in Stealth
  3102 | D:4      | Killed from afar by an orc priest

Illustrated notes

Levels and vault maps discovered:
D:1:      dpeg_arrival_tiny_e, layout_basic
D:2:      layout_basic, serial_shops, shop, nicolae_square_shop
D:3:      layout_basic, vehumet_altar_wand_db, nicolae_uskayaw_suspiria,
          shapermc_ecumenical_altar_mp_urbaneastern, uniq_sigmund
D:4:      layout_loops_ring, gammafunk_ghost_mausoleum,
          chequers_decorated_corner, minivault_19,
          corexii_item_surrounded_by_moat, uniq_edmund, uniq_duvessa,
          uniq_crazy_yiuf_cottage

Skill      XL: |  1  2  3  4  5 |
---------------+----------------+-----
Stealth        | 2 3 4 5 |  5.1
Unarmed Combat | 1 |  1.3
Short Blades   | 1 2 |  2.5
Fighting       | |  1.3
Dodging        | |  2.5
Evocations     | |  3.5

Action                   |  1- 3 |  4- 6 || total
-------------------------+-------+-------++-------
Melee: Unarmed           |    23 |       ||    23
       Constrict         |    17 |     8 ||    25
       Tentacles         |    16 |     8 ||    24
       Punch             |     1 |     1 ||     2
       Dagger            |    39 |    16 ||    55
       Trident           |       |    36 ||    36
Evoke: Wand              |     5 |       ||     5
  Use: Potion            |       |     1 ||     1
 Stab: Sleeping          |    15 |    14 ||    29
Armor: Skin              |     4 |     5 ||     9
Dodge: Dodged            |    37 |    21 ||    58

Table legend: (Time is in decaauts)
 A = Elapsed time spent in this place.
 B = Non-inter-level travel time spent in this place.
 C = Inter-level travel time spent in this place.
 D = Time resting spent in this place.
 E = Time spent auto-exploring this place.
 F = Levels seen in this place.
 G = Mean time per level.
                   A        B        C        D        E       F      G
               +--------+--------+--------+--------+--------+-----+--------+
         Total |   3110 |   2898 |    212 |    531 |   1794 |   4 |  777.5 |
       Dungeon |   3110 |   2898 |    212 |    531 |   1794 |   4 |  777.5 |
               +--------+--------+--------+--------+--------+-----+--------+

Top non-repeatable levels by time:
     D:1: 1054 daAuts
     D:2: 996 daAuts
     D:3: 880 daAuts
     D:4: 179 daAuts
